 Dungeon Crawl Stone Soup version 0.31-a0-702-gf82c85558f (webtiles) character file.

Game seed: 250941901396765044

4275 qw the Skirmisher (level 10, -2/64 HPs)
             Began as a Gargoyle Hunter on Sept 7, 2023.
             Was a Believer of Okawaru.
             Slain by an orc warrior
             ... wielding a +0 glaive
              (9 damage)
             ... on level 9 of the Dungeon.
             The game lasted 00:03:30 (8690 turns).

qw the Skirmisher (Gargoyle Hunter)                 Turns: 8690, Time: 00:03:30

Health: -2/64      AC: 17    Str: 12    XL:     10   Next: 31%
Magic:  12/13      EV: 15    Int: 19    God:    Okawaru [**....]
Gold:   592        SH:  0    Dex: 15    Spells: 9/9 levels left

rFire   + . .        r - +0 orcbow
rCold   . . .        (shield currently unavailable)
rNeg    + . .        g - +3 leather armour
rPois   inf          (no helmet)
rElec   +            (no cloak)
rCorr   .            (no gloves)
SInv    .            d - +2 pair of boots {Stlth+}
Will    +....        a - amulet of faith
Stlth   ++++         l - ring of protection from fire
HPRegen 0.30/turn    (no ring)
MPRegen 0.13/turn

%: faith
@: about to teleport, heroic, mesmerised
A: sickness immunity, AC +7, negative energy resistance 1, electricity
resistance, torment resistance 1, petrification resistance, clever 2,
deterioration 1, strong-willed 1
a: Renounce Religion, Heroism


You were on level 9 of the Dungeon.
You worshipped Okawaru.
Okawaru was pleased with you.
You visited 1 branch of the dungeon, and saw 9 of its levels.
You also visited: Sewer.

You collected 592 gold pieces.


Innate Abilities, Weirdness & Mutations

You are immune to sickness and miasma.
Your stone body is resilient. (AC +7)
You are immune to poison.
You resist negative energy. (rN+)
You are resistant to electric shocks. (rElec)
You are resistant to unholy torment.
You are immune to petrification.
Your mind is very acute. (Int +8, Str/Dex -2)
Your body sometimes deteriorates upon taking damage.
You are strong-willed. (Will+)


   Skills:
 - Level 8.0(13.0) Fighting
 + Level 11.8(16.8) Ranged Weapons
 - Level 3.7(8.7) Armour
 - Level 3.2(8.2) Dodging
 - Level 1.1(6.1) Stealth
 - Level 4.2 Invocations


You had 9 spell levels left.
You didn't know any spells.
Your spell library was empty.

Inventory:

Hand Weapons
 r - a +0 orcbow (weapon)
Armour
 d - a +2 pair of boots of stealth (worn)
 g - a +3 leather armour (worn)
Jewellery
 a - an amulet of faith (around neck)
 h - an amulet of reflection
 l - a ring of protection from fire (left hand)
 o - a ring of fire
Wands
 m - a wand of digging (6)
Scrolls
 e - a scroll of identify
 p - 2 scrolls of teleportation
Potions
 b - a potion of mutation
 c - 3 potions of heal wounds
 f - a potion of resistance
 i - 3 potions of enlightenment
 j - 4 potions of curing
 k - 2 potions of cancellation

Dungeon Overview and Level Annotations

Branches:
Dungeon (9/15)             Temple (0/1) D:5           Sewer (visited)
   Lair: D:8-11         Orc: D:9-12

Altars:
Ashenzari
Cheibriados
Dithmenos
Okawaru
Qazlal
Ru
Sif Muna
Trog
Wu Jian
Yredelemnul
Zin

Shops:
D:4 (

Annotations:
D:9 Maggie


Message History

8686 |||
Found retreat position at 4,2 (floor) with 2 blocking monsters and 3 monsters attacking at destination at distance 5 You shoot an arrow.
The arrow completely misses Maggie.
The arrow closely misses the killer bee.
The killer bee stings you but does no damage.
The orc warrior hits you from afar with a +0 glaive.
The killer bee misses you. The killer bee completely misses you.
The killer bee stings you but does no damage.
8687 |||
Found retreat position at 4,2 (floor) with 2 blocking monsters and 3 monsters attacking at destination at distance 5 You shoot an arrow.
The arrow barely misses Maggie.
The arrow barely misses the killer bee.
The killer bee misses you. The killer bee stings you.
The killer bee closely misses you. The killer bee stings you.
Maggie closely misses you.
The orc warrior hits you but does no damage.
8688 |||
Found retreat position at 4,2 (floor) with 2 blocking monsters and 3 monsters attacking at destination at distance 5 You shoot an arrow.
The arrow hits Maggie!
Maggie is severely wounded.
The killer bee stings you but does no damage.
The killer bee barely misses you. The killer bee closely misses you.
The killer bee barely misses you. The killer bee misses you.
The killer bee closely misses you. The killer bee completely misses you.
The killer bee closely misses you. Maggie barely misses you.
8689 |||
Found retreat position at 4,2 (floor) with 2 blocking monsters and 3 monsters attacking at destination at distance 5 You shoot an arrow.
The arrow hits Maggie!
Maggie is almost dead.
You hear a shout!
The killer bee misses you. x3; The killer bee barely misses you.
The orc warrior hits you from afar with a +0 glaive!
You hear a shout!
8690 |||
Found retreat position at 4,2 (floor) with 2 blocking monsters and 3 monsters attacking at destination at distance 5
8690 ||| READING 3 scrolls of teleportation.
As you read the scroll of teleportation, it crumbles to dust.
You feel strangely unstable. The killer bee barely misses you.
The killer bee stings you! The killer bee misses you.
The killer bee barely misses you. Maggie closely misses you.
The killer bee stings you but does no damage. x2
The killer bee misses you. The killer bee closely misses you.
The orc warrior hits you from afar with a +0 glaive!
You die...

############
#..........#
#........yy#
#.......yy@# #
#........y@#####(.
#.......... #.
#......... #
...........
####....y..#


You could see Maggie (mesmerising), an orc warrior, 6 killer bees and an orc.

Vanquished Creatures
  Joseph (D:7)
  A steam dragon (D:7)
  2 water moccasins
  An acid dragon (D:8)
  4 black bears
  2 orc warriors (D:8)
  An ice beast (D:5)
  2 sky beasts
  2 hornet zombies
  An ogre (D:5)
  4 centaurs
  5 phantoms
  2 kobold brigands (Sewer)
  3 bullfrogs
  4 scorpions
  A wyvern zombie (D:6)
  2 killer bees
  3 centaur zombies
  A bullfrog zombie (D:6)
  5 hounds
  A gnoll bouda (D:4)
  2 orc priests
  2 jellies
  A bullfrog skeleton (D:6)
  2 iguanas
  4 orc wizards
  A sleepcap (D:6)
  A killer bee zombie (D:6)
  7 gnolls
  9 adders
  3 river rats
  3 shadow imps
  3 white imps
  An ufetubus (D:6)
  2 dart slugs
  23 orcs
  6 endoplasms
  4 giant cockroaches
  7 goblins
  8 hobgoblins
  14 jackals
  16 kobolds
  2 quokkas
  9 ball pythons
  4 bats
  7 frilled lizards
  16 rats
205 creatures vanquished.

Vanquished Creatures (others)
  An orc (D:9)
1 creature vanquished.

Grand Total: 206 creatures vanquished

Notes
Turn   | Place    | Note
-------+----------+-------------------------------------------
     0 | D:1      | qw the Gargoyle Hunter began the quest for the Orb.
     0 | D:1      | Reached XP level 1. HP: 12/12 MP: 1/1
     0 | D:1      | 0 ||| qw: Version: 0.3-a-76-g4403597
     0 | D:1      | 0 ||| qw: Game counter: 877
     0 | D:1      | 0 ||| qw: Melee chars always use a shield: true
     0 | D:1      | 0 ||| qw: God list: Okawaru
     0 | D:1      | 0 ||| qw: Allow faded altars: false
     0 | D:1      | 0 ||| qw: Do Orc after clearing Dungeon:15 true
     0 | D:1      | 0 ||| qw: Do second Lair branch before Depths: true
     0 | D:1      | 0 ||| qw: Lair rune preference: random
     0 | D:1      | 0 ||| qw: Goals: Normal
     0 | D:1      | 0 ||| PLANNING D:1-11
   428 | D:1      | Reached XP level 2. HP: 17/17 MP: 2/2
   937 | D:1      | 937 ||| UPGRADING to +0 ring mail.
   947 | D:1      | 947 ||| DROPPING +0 leather armour.
   948 | D:1      | 948 ||| UPGRADING to +0 pair of boots.
   953 | D:1      | 953 ||| UPGRADING to amulet of the acrobat.
   958 | D:1      | 958 ||| UPGRADING to amulet of reflection.
   968 | D:1      | 968 ||| DROPPING amulet of the acrobat.
   969 | D:1      | 969 ||| UPGRADING to ring of protection from fire.
   970 | D:1      | 970 ||| READING scroll labelled JUEDEXTOUPH.
   971 | D:1      | 971 ||| READING scroll labelled WARRIR KAASHRUF.
   972 | D:1      | 972 ||| READING scroll labelled PYIB NEANUEG.
   973 | D:1      | 973 ||| DROPPING scroll of butterflies.
  1028 | D:2      | Reached XP level 3. HP: 20/21 MP: 3/3
  1033 | D:2      | Reached skill level 1 in Armour
  1141 | D:2      | Reached skill level 5 in Ranged Weapons
  1235 | D:2      | Identified the +1 chain mail of Buopp {Will+ MP+9}
  1320 | D:2      | Found a glowing silver altar of Zin.
  1326 | D:2      | Identified the +3 mace "Acivavaa" {drain, rN+ SInv}
  1661 | D:2      | 1661 ||| UPGRADING to +2 pair of boots of stealth.
  1671 | D:2      | 1671 ||| DROPPING +0 pair of boots.
  1672 | D:2      | 1672 ||| UPGRADING to amulet of faith.
  1682 | D:2      | 1682 ||| READING scroll labelled GEEPPE TEMUNA.
  1683 | D:2      | 1683 ||| DRINKING 2 black potions.
  1683 | D:2      | Gained mutation: Your mind is acute. (Int +4, Str/Dex -1)
                  | [potion of mutation]
  1683 | D:2      | Gained mutation: Your body sometimes deteriorates upon
                  | taking damage. [potion of mutation]
  1683 | D:2      | Gained mutation: Your mind is very acute. (Int +8, Str/Dex
                  | -2) [potion of mutation]
  1683 | D:2      | Gained mutation: You are strong-willed. (Will+) [potion of
                  | mutation]
  1684 | D:2      | 1684 ||| DRINKING 2 bubbling dark potions.
  1685 | D:2      | 1685 ||| DRINKING 2 cyan potions.
  1686 | D:2      | 1686 ||| DROPPING potion of attraction.
  1721 | D:3      | 1721 ||| PLANNING SEWER
  1742 | D:3      | Found a snail-covered altar of Cheibriados.
  1765 | D:3      | Reached XP level 4. HP: 27/27 MP: 4/4
  1822 | D:3      | Reached skill level 3 in Fighting
  2069 | D:3      | Found a glowing drain.
  2070 | D:3      | 2070 ||| Stepping ~*~*~tactically~*~*~ (water).
  2167 | D:3      | 2167 ||| READING scroll labelled ONKIDU GAIDWA.
  2168 | D:3      | 2168 ||| READING scroll labelled YTOJ GIAHI.
  2188 | D:3      | 2188 ||| READING scroll labelled GAFUMP ZUTTYI.
  2193 | D:3      | 2193 ||| READING 2 scrolls of identify.
  2193 | D:3      | 2193 ||| IDENTIFYING dark potion
  2279 | Sewer    | Entered a sewer
  2386 | Sewer    | Noticed a kobold brigand
  2390 | Sewer    | Noticed a kobold brigand
  2390 | Sewer    | 2390 ||| RETREATING.
  2395 | Sewer    | Reached XP level 5. HP: 32/32 MP: 5/5
  2405 | Sewer    | Killed a kobold brigand
  2406 | Sewer    | Reached skill level 6 in Ranged Weapons
  2415 | Sewer    | 2415 ||| Stepping ~*~*~tactically~*~*~ (water).
  2422 | Sewer    | Killed a kobold brigand
  2423 | Sewer    | Reached XP level 6. HP: 38/38 MP: 6/6
  2428 | Sewer    | 2428 ||| Stepping ~*~*~tactically~*~*~ (water).
  2461 | Sewer    | Found a white marble altar of Elyvilon.
  2504 | D:3      | 2504 ||| PLANNING D:1-11
  2546 | D:3      | Found a sacrificial altar of Ru.
  2587 | D:3      | Found a shimmering blue altar of Sif Muna.
  2704 | D:3      | Noticed a black bear
  2712 | D:3      | Killed a black bear
  2968 | D:4      | Reached skill level 7 in Ranged Weapons
  2975 | D:4      | 2975 ||| RETREATING.
  2987 | D:4      | HP: 8/38 [gnoll/+0 flail[a gnoll bouda] (5)]
  2988 | D:4      | 2988 ||| DRINKING 4 potions of heal wounds.
  2994 | D:4      | Reached XP level 7. HP: 35/43 MP: 7/7
  3307 | D:4      | Found an iron altar of Okawaru.
  3308 | D:4      | 3308 ||| PLANNING OKAWARU WORSHIP
  3308 | D:4      | 3308 ||| READING scroll labelled AZIBEN JERYOREE.
  3309 | D:4      | 3309 ||| READING 2 scrolls labelled NOVIVISEOTS.
  3310 | D:4      | 3310 ||| READING scroll of enchant weapon.
  3310 | D:4      | 3310 ||| ENCHANTING +1 shortbow of flaming.
  3311 | D:4      | 3311 ||| READING 2 scrolls of identify.
  3311 | D:4      | 3311 ||| IDENTIFYING fizzy clear potion
  3319 | D:4      | Became a worshipper of Warmaster Okawaru
  3320 | D:4      | 3320 ||| PLANNING D:1-11
  3518 | D:4      | Found Qedghieho's Weapon Boutique.
  3757 | D:4      | 3757 ||| DROPPING amulet of regeneration.
  3758 | D:4      | 3758 ||| READING scroll labelled FOITEMORGHO.
  3759 | D:4      | 3759 ||| READING scroll labelled ZOAWUN GARISU.
  3760 | D:4      | 3760 ||| READING scroll labelled RAMABE WUHAHOO.
  3802 | D:5      | Entered Level 5 of the Dungeon
  3861 | D:5      | Reached skill level 8 in Ranged Weapons
  3939 | D:5      | Reached * piety under Okawaru
  4033 | D:5      | 4033 ||| INVOKING Heroism.
  4262 | D:5      | 4262 ||| INVOKING Heroism.
  4265 | D:5      | Reached XP level 8. HP: 49/49 MP: 5/8
  4320 | D:5      | Reached skill level 1 in Invocations
  4397 | D:5      | Found an ornate altar of the Wu Jian Council.
  4429 | D:5      | 4429 ||| INVOKING Heroism.
  4437 | D:5      | Reached skill level 9 in Ranged Weapons
  4500 | D:5      | Found a staircase to the Ecumenical Temple.
  4548 | D:5      | 4548 ||| INVOKING Heroism.
  4554 | D:5      | Reached skill level 3 in Invocations
  4955 | D:5      | Found a shadowy altar of Dithmenos.
  4956 | D:5      | 4956 ||| READING 2 scrolls of identify.
  4956 | D:5      | 4956 ||| IDENTIFYING bubbling red potion
  5030 | D:6      | Reached skill level 6 in Fighting
  5106 | D:6      | 5106 ||| RETREATING.
  5107 | D:6      | 5107 ||| Stepping ~*~*~tactically~*~*~ (retreating).
  5108 | D:6      | 5108 ||| Stepping ~*~*~tactically~*~*~ (retreating).
  5109 | D:6      | 5109 ||| Stepping ~*~*~tactically~*~*~ (retreating).
  5110 | D:6      | 5110 ||| Stepping ~*~*~tactically~*~*~ (retreating).
  5111 | D:6      | 5111 ||| Stepping ~*~*~tactically~*~*~ (retreating).
  5112 | D:6      | 5112 ||| Stepping ~*~*~tactically~*~*~ (retreating).
  5113 | D:6      | 5113 ||| Stepping ~*~*~tactically~*~*~ (retreating).
  5118 | D:6      | Reached ** piety under Okawaru
  5124 | D:6      | Reached XP level 9. HP: 55/55 MP: 12/12
  5534 | D:6      | 5534 ||| INVOKING Heroism.
  5542 | D:6      | Reached skill level 10 in Ranged Weapons
  5995 | D:6      | 5995 ||| INVOKING Heroism.
  5997 | D:6      | 5997 ||| Stepping ~*~*~tactically~*~*~ (outnumbered).
  6072 | D:6      | 6072 ||| READING scroll labelled ZYNUCU GEYCUKU.
  6073 | D:6      | 6073 ||| READING scroll labelled GODEMN LEAXIYZ.
  6255 | D:7      | 6255 ||| INVOKING Heroism.
  6364 | D:7      | Found a basalt altar of Yredelemnul.
  6397 | D:7      | Noticed Joseph
  6404 | D:7      | 6404 ||| INVOKING Heroism.
  6405 | D:7      | Killed Joseph
  6406 | D:7      | Reached skill level 11 in Ranged Weapons
  6521 | D:7      | 6521 ||| INVOKING Heroism.
  6538 | D:7      | Reached skill level 3 in Armour
  6930 | D:7      | Found a bloodstained altar of Trog.
  7028 | D:7      | Found a glowing silver altar of Zin.
  7061 | D:7      | Found a broken altar of Ashenzari.
  7066 | D:7      | Found a stormy altar of Qazlal.
  7103 | D:7      | 7103 ||| UPGRADING to +1 leather armour of poison
                  | resistance.
  7113 | D:7      | 7113 ||| DROPPING +0 ring mail.
  7177 | D:8      | Reached XP level 10. HP: 57/64 MP: 13/13
  7285 | D:8      | Reached skill level 3 in Dodging
  7373 | D:8      | 7373 ||| INVOKING Heroism.
  7454 | D:8      | 7454 ||| INVOKING Heroism.
  7583 | D:8      | 7583 ||| SWAPPING to +0 orcbow.
  7584 | D:8      | 7584 ||| DROPPING +2 shortbow of flaming.
  7955 | D:8      | 7955 ||| INVOKING Heroism.
  7958 | D:8      | 7958 ||| FLEEEEING.
  7959 | D:8      | 7959 ||| FLEEEEING.
  7960 | D:8      | 7960 ||| FLEEEEING.
  7961 | D:8      | 7961 ||| FLEEEEING.
  7962 | D:8      | 7962 ||| STAIRDANCE
  8102 | D:7      | 8102 ||| UPGRADING to +3 leather armour.
  8112 | D:7      | 8112 ||| DROPPING +1 leather armour of poison resistance.
  8113 | D:7      | 8113 ||| DRINKING 2 glowing emerald potions.
  8114 | D:7      | 8114 ||| READING 2 scrolls of identify.
  8114 | D:7      | 8114 ||| IDENTIFYING bubbling coppery potion
  8115 | D:7      | 8115 ||| DROPPING potion of brilliance.
  8116 | D:7      | 8116 ||| DROPPING potion of degeneration.
  8182 | D:9      | 8182 ||| STAIRDANCE
  8227 | D:9      | 8227 ||| FLEEEEING.
  8228 | D:9      | 8228 ||| FLEEEEING.
  8229 | D:9      | 8229 ||| FLEEEEING.
  8230 | D:9      | 8230 ||| STAIRDANCE
  8334 | D:9      | 8334 ||| STAIRDANCE
  8334 | D:9      | Noticed Maggie
  8356 | D:9      | 8356 ||| STAIRDANCE
  8358 | D:9      | 8358 ||| STAIRDANCE
  8360 | D:8      | 8360 ||| DRINKING 5 potions of curing.
  8360 | D:8      | 8360 ||| (to cure confusion)
  8361 | D:8      | 8361 ||| INVOKING Heroism.
  8464 | D:9      | 8464 ||| STAIRDANCE
  8466 | D:8      | 8466 ||| INVOKING Heroism.
  8550 | D:9      | 8550 ||| STAIRDANCE
  8553 | D:8      | 8553 ||| INVOKING Heroism.
  8663 | D:9      | 8663 ||| STAIRDANCE
  8671 | D:9      | 8671 ||| RETREATING.
  8674 | D:9      | 8674 ||| Stepping ~*~*~tactically~*~*~ (retreating).
  8675 | D:9      | 8675 ||| INVOKING Heroism.
  8689 | D:9      | HP: 14/64 [orc warrior/+0 glaive (10)]
  8690 | D:9      | 8690 ||| READING 3 scrolls of teleportation.
  8690 | D:9      | Slain by an orc warrior

Levels and vault maps discovered:
D:1:      sevenhm_arrival_forest_fort_small_5, layout_basic,
          hangedman_decor_push, kennysheep_flooded_box, minmay_misc_feat_five
D:2:      layout_loops_ring, basic_altar, minmay_hedge_maze, nrook_loot_triangle
D:3:      minmay_angry_zag, layout_basic, mainiacjoe_overflow_brackets,
          mainiacjoe_overflow_catch_the_wave, portal_sewer_entry_e
D:4:      kennysheep_spiral_hall, layout_basic, old_standard_altar,
          serial_shops, nicolae_shop_trees
D:5:      layout_loops_corners, kennysheep_mini_moat, lemuel_tele_altar,
          temple_statues
D:6:      layout_loops_corners, serial_undead, serial_undead_d, serial_undead_e,
          serial_undead_f, serial_undead_e
D:7:      layout_basic, general_overflow_altar,
          mainiacjoe_overflow_surrounded_room, minitemple,
          lemuel_zombie_altar_yredelemnul, uniq_joseph
D:8:      layout_loops_corners
D:9:      layout_rooms, overflow_temple_1_default, serial_shops, shop,
          uniq_maurice, uniq_maggie, uniq_erolcha

Skill      XL: |  1  2  3  4  5  6  7  8  9 10 |
---------------+-------------------------------+-----
Armour         | 1 2 3 |  3.7
Ranged Weapons | 5 6 7 8 9 11 | 11.8
Fighting       | 3 4 5 6 7 8 |  8.0
Invocations    | 4 |  4.2
Dodging        | 2 3 |  3.2
Stealth        | |  1.1

Action                     |  1- 3 |  4- 6 |  7- 9 | 10-12 || total
---------------------------+-------+-------+-------+-------++-------
   Fire: Shortbow          |    97 |   167 |   415 |    49 ||   728
         Orcbow            |       |       |       |    82 ||    82
 Invoke: Heroism           |       |       |     9 |     7 ||    16
    Use: Scroll            |     4 |     4 |    10 |     2 ||    20
         Potion            |     3 |     1 |       |     2 ||     6
 Armour: Leather armour    |     4 |       |     4 |   124 ||   132
         Ring mail         |     5 |    81 |   195 |       ||   281
  Dodge: Dodged            |    19 |    61 |   135 |   136 ||   351
  Block: Other             |     7 |       |       |       ||     7

Table legend:
 A = Non-vault XP
 B = Vault XP
 C = Vault XP percentage of total XP
 D = Non-vault monster count
 E = Vault monster count
 F = Vault count percentage of total count
                 A         B        C        D         E       F
            +---------+---------+-------+---------+---------+-------
      Total |    4398 |    1710 |  28.0 |     160 |      45 |  22.0
            +---------+---------+-------+---------+---------+-------
        D:1 |      26 |       0 |   0.0 |      19 |       0 |   0.0
        D:2 |      47 |       0 |   0.0 |      21 |       0 |   0.0
        D:3 |      48 |     182 |  79.1 |      15 |      17 |  53.1
        D:4 |     148 |      54 |  26.7 |      26 |       4 |  13.3
        D:5 |    1270 |       0 |   0.0 |      21 |       0 |   0.0
        D:6 |     760 |     615 |  44.7 |      18 |       9 |  33.3
        D:7 |     533 |     624 |  53.9 |      15 |       3 |  16.7
        D:8 |    1370 |       0 |   0.0 |      22 |       0 |   0.0
        D:9 |     196 |       0 |   0.0 |       3 |       0 |   0.0
      Sewer |       0 |     235 | 100.0 |       0 |      12 | 100.0
            +---------+---------+-------+---------+---------+-------
